 Dungeon Crawl Stone Soup version 0.24.0-37-gcf1ca852f1 (webtiles) character file.

Game seed: 3053035775182211665, levelgen mode: deterministic

144 Peloso the Shield-Bearer (level 5, 0/47 HPs)
             Began as a Minotaur Fighter on Dec 2, 2019.
             Succumbed to an orc wizard's poison
             ... on level 3 of the Dungeon.
             The game lasted 00:05:06 (1129 turns).

Peloso the Shield-Bearer (Minotaur Fighter)         Turns: 1129, Time: 00:05:07

Health: 0/47       AC:  8    Str: 24    XL:     5   Next: 5%
Magic:  4/4        EV:  8    Int:  5    God:
Gold:   99         SH: 10    Dex: 11    Spells: 4/4 levels left

rFire    . . .     SeeInvis .   a - +1 long sword
rCold    . . .     Gourm    .   c - +0 shield
rNeg     . . .     Faith    .   b - +0 scale mail
rPois    .         Spirit   .   k - +1 hat
rElec    .         Reflect  .   (no cloak)
rCorr    .         Harm     .   (no gloves)
MR       .....                  (no boots)
Stlth    ..........             (no amulet)
HPRegen  0.15/turn              g - +4 ring of strength
MPRegen  0.09/turn              o - ring of flight

@: lethally poisoned (0 -> -7), berserk cooldown, slowed, very slow
A: retaliatory headbutt, horns 2
a: Evoke Flight


You were on level 3 of the Dungeon.
You were not hungry.

You visited 1 branch of the dungeon, and saw 3 of its levels.

You collected 99 gold pieces.

Inventory:

Hand Weapons
 a - a +1 long sword (weapon)
Armour
 b - a +0 scale mail (worn)
 c - a +0 shield (worn)
 k - a +1 hat (worn)
Jewellery
 g - a +4 ring of strength (left hand)
 n - an uncursed ring of wizardry
 o - a ring of flight (right hand)
 r - an uncursed amulet of magic regeneration
Scrolls
 h - a scroll of enchant weapon
 i - a scroll of enchant armour {unknown}
 j - a scroll of immolation {unknown}
 l - a scroll of blinking {unknown}
 m - 3 scrolls of identify {unknown}
 q - 2 scrolls of amnesia {unknown}
 t - a scroll of random uselessness {unknown}
 u - a scroll of magic mapping {unknown}
 w - a scroll of teleportation {unknown}
Potions
 d - a potion of might
 e - a potion of berserk rage
 p - a potion of flight
 s - a potion of lignification {unknown}
Comestibles
 f - 7 rations
 v - 5 chunks of flesh


   Skills:
 + Level 4.4 Fighting
 + Level 3.8 Long Blades
 + Level 4.4 Armour
 + Level 0.4 Dodging
 + Level 5.0 Shields


You had 4 spell levels left.
You didn't know any spells.
Your spell library was empty.

Dungeon Overview and Level Annotations

Branches:
Dungeon (3/15)

Altars:


Innate Abilities, Weirdness & Mutations

You reflexively headbutt those who attack you in melee.
You have a pair of horns on your head.


Message History

You feel sick. The orc hits you but does no damage.
The orc priest invokes the aid of Beogh against you.
Beogh smites you!
* * * LOW HITPOINT WARNING * * *
You can move again.
You hit the orc.
You kill the orc!
* * * LOW HITPOINT WARNING * * *
You feel sick.
The orc priest hits you but does no damage.
Unknown command.
You closely miss the orc priest. You headbutt the orc priest.
The orc priest is moderately wounded.
* * * LOW HITPOINT WARNING * * *
You feel sick. The orc priest barely misses you. You furiously retaliate!
You headbutt the orc priest, but do no damage.
You block the orc priest's attack.
You closely miss the orc priest.
The orc priest is moderately wounded.
You die...

####### #..@o.# ######
#)###......
.######....###.#########
.............$..?..>..
.###.....#..##.#.##.##
.###.##†.#..##...#
...#.#...#.....###
.....#..###.##.#
...###......##.#


You could see an orc priest.

Vanquished Creatures
  An orc wizard (D:3)
  A gnoll (D:1)
  4 adders
  A worm (D:2)
  2 dart slugs
  A leopard gecko (D:3)
  5 orcs (D:3)
  5 bats
  2 giant cockroaches
  12 hobgoblins
  9 kobolds
  A ball python (D:1)
  6 frilled lizards
  5 goblins
  4 rats
59 creatures vanquished.

Notes
Turn   | Place    | Note
-------+----------+-------------------------------------------
     0 | D:1      | Peloso the Minotaur Fighter began the quest for the Orb.
     0 | D:1      | Reached XP level 1. HP: 19/19 MP: 0/0
   188 | D:1      | Reached XP level 2. HP: 24/27 MP: 1/1
   245 | D:1      | Reached skill level 4 in Shields
   373 | D:1      | Reached XP level 3. HP: 33/33 MP: 2/2
   702 | D:2      | Reached XP level 4. HP: 36/40 MP: 3/3
  1118 | D:3      | Reached skill level 5 in Shields
  1118 | D:3      | Reached XP level 5. HP: 42/47 MP: 4/4
  1128 | D:3      | HP: 2/47 [poisoned by an orc wizard]
  1129 | D:3      | Succumbed to an orc wizard's poison

Levels and vault maps discovered:
D:1:      psy_arrival_fountain, layout_rooms, kennysheep_nondescript,
          minmay_misc_feat_pillars, minmay_tromino_i2
D:2:      layout_rooms, first_ration
D:3:      layout_basic, nicolae_qazlal_style_of_elements

Skill      XL: |  1  2  3  4 |
---------------+-------------+-----
Fighting       | 4 |  4.4
Armour         | 4 |  4.4
Shields        | 4 5 |  5.0
Long Blades    | 3 |  3.8
Dodging        | |  0.4

Action                   |  1- 3 |  4- 6 || total
-------------------------+-------+-------++-------
Melee: Long sword        |    81 |    54 ||   135
       Headbutt          |    12 |     9 ||    21
  Use: Potion            |     4 |     1 ||     5
       Scroll            |     1 |       ||     1
  Eat: Chunk             |       |     1 ||     1
Armor: Scale mail        |    34 |    14 ||    48
Dodge: Dodged            |    30 |    14 ||    44
Block: Shield            |    49 |    26 ||    75
       Rpst.: Long sword |     9 |     6 ||    15
